Map: Orbital Shipyard

Players

EJK - Winner!

  • Race: Terran Terran
  • League: Master

Bulk

  • Race: Protoss Protoss
  • League: Grandmaster

VOD

Have the link to the VOD?

Description

Time

  • Played on: Jan. 23, 2016, 11:12 p.m.
  • Length: 26:04
Show
View Real Time Build Order
Export as new Build Order

EJK Terran - Winner!

Build Orders: Cyclone Opening 

Get SALT Encoding   

  12  0:01  SCV  
  13  0:13  SCV  
  14  0:18  Supply Depot  
  14  0:25  SCV  
  15  0:29  Refinery  
  15  0:40  SCV  
  16  0:46  Barracks  
  16  0:52  SCV  
  17  1:04  SCV  
  18  1:16  SCV  
  19  1:33  Marine  
  19  1:34  Orbital Command  
  19  1:35  Factory  
  20  1:56  Command Center  
  20  2:06  Supply Depot  
  20  2:07  SCV  
  21  2:11  Marine  
  22  2:20  SCV, Factory Tech Lab  
  23  2:29  Marine  
  24  2:35  SCV  
  24  2:36  Refinery  
  25  2:39  Cyclone  
  28  2:46  Marine  
  28  2:47  SCV, Supply Depot  
  30  2:59  SCV  
  31  3:07  Marine  
  32  3:14  SCV  
  32  3:21  Orbital Command  
  32  3:23  Cyclone  
  32  3:25  Marine  
  32  3:26  SCV  
  37  3:38  SCV  
  38  3:49  SCV  
  38  3:50  SCV  
  38  3:54  Command Center  
  40  3:57  Hellion  
  40  4:01  SCV  
  40  4:02  SCV  
  44  4:07  Starport  
  44  4:13  Supply Depot  
  44  4:15  SCV x2  
  46  4:20  Siege Tank  
  49  4:26  Factory  
  49  4:27  SCV  
  49  4:28  SCV  
  51  4:31  Refinery  
  51  4:33  Refinery  
  51  4:36  Barracks Reactor  
  51  4:40  Engineering Bay  
  51  4:42  SCV x2  
  51  4:55  SCV  
  51  4:56  SCV  
  51  4:58  Siege Tank  
  56  5:06  Orbital Command  
  56  5:08  SCV x2  
  56  5:11  Factory Tech Lab  
  56  5:13  Medivac  
  60  5:14  Marine x2  
  60  5:20  SCV x2  
  64  5:26  Supply Depot, Missile Turret  
  64  5:30  Siege Tank  
  64  5:32  Marine x2  
  64  5:33  Siege Tank  
  72  5:42  SCV x2  
  71  5:44  Orbital Command  
  64  5:55  SCV x2  
  60  6:11  SCV  
  60  6:12  SCV x2  
  63  6:20  Siege Tank  
  63  6:21  Siege Tank  
  63  6:23  SCV  
  63  6:24  SCV x2, Supply Depot  
  74  6:31  Starport Reactor  
  72  6:41  SCV x3  
  72  6:46  Armory  
  75  6:47  Supply Depot  
  75  6:51  Starport  
  75  6:53  SCV x3  
  78  7:04  Liberator x2  
  78  7:05  SCV x3  
  81  7:10  Command Center  
  81  7:15  Liberator  
  81  7:17  SCV  
  81  7:18  SCV  
  84  7:30  SCV x3  
  90  7:39  Terran Ship Weapons Level 1  
  90  7:44  Liberator  
  90  7:45  SCV  
  90  7:46  SCV x2, Supply Depot  
  90  7:50  Missile Turret, Liberator  
  93  7:58  SCV x3  
  96  8:01  Sensor Tower  
  96  8:02  Liberator  
  99  8:10  SCV  
  99  8:12  SCV x2, Refinery  
  105  8:14  Refinery  
  105  8:18  Liberator  
  105  8:22  SCV  
  105  8:24  SCV x2  
  111  8:33  Liberator  
  112  8:34  SCV  
  112  8:36  Hellion x2  
  119  8:44  Bunker  
  119  8:45  Bunker  
  119  8:50  Supply Depot x2  
  119  8:54  SCV, Liberator  
  119  8:55  SCV, Liberator  
  124  9:00  Missile Turret  
  124  9:03  Missile Turret  
  124  9:12  SCV, Hellion x2  
  135  9:18  Refinery  
  135  9:19  SCV x3  
  135  9:20  Refinery  
  135  9:22  Sensor Tower  
  135  9:23  Missile Turret  
  138  9:29  Missile Turret  
  138  9:30  SCV  
  139  9:31  SCV  
  139  9:33  Planetary Fortress  
  140  9:45  SCV x2  
  140  9:47  Liberator  
  140  9:50  SCV  
  139  9:54  Bunker  
  139  9:55  Bunker  
  139  9:57  SCV  
  140  10:02  Supply Depot x2, Bunker  
  140  10:03  Supply Depot, Liberator x3  
  140  10:04  SCV x2  
  140  10:10  Terran Ship Weapons Level 2  
  140  10:13  Armory  
  140  10:18  Missile Turret  
  140  10:19  Missile Turret  
  149  10:29  Liberator  
  149  10:36  Barracks Tech Lab  
  149  10:37  Starport, Fusion Core  
  149  10:40  Starport  
  152  10:56  Liberator x2  
  152  10:59  Command Center  
  149  11:12  Terran Vehicle And Ship Armor Level 1  
  149  11:13  Command Center  
  149  11:14  Starport Tech Lab  
  149  11:16  Siege Tank x2  
  149  11:17  Starport Tech Lab  
  161  11:29  Bunker  
  161  11:30  Missile Turret  
  161  11:32  Cloaking Field  
  161  11:35  Hyperflight Rotors  
  161  11:38  Banshee x2  
  167  11:44  Supply Depot x2  
  167  11:59  Liberator  
  167  12:00  Starport x2, Liberator x2  
  167  12:08  Hi-Sec Auto Tracking  
  167  12:21  Banshee x2  
  182  12:26  Missile Turret  
  182  12:27  Missile Turret x2, Orbital Command  
  182  12:29  Missile Turret  
  182  12:52  Starport Tech Lab x2  
  182  12:53  Terran Ship Weapons Level 3  
  182  12:59  Ghost Academy  
  182  13:04  Banshee x2  
  182  13:21  Terran Vehicle And Ship Armor Level 2  
  182  13:36  Bunker  
  182  13:40  Bunker  
  182  13:42  Advanced Ballistics, Sensor Tower, Missile Turret  
  182  13:43  Banshee x2  
  188  13:51  Banshee x2  
  188  13:54  Planetary Fortress  
  194  14:11  Command Center  
  194  14:26  Banshee x2, Refinery  
  194  14:29  Refinery  
  194  14:30  Starport  
  200  14:31  Starport  
  200  14:32  Liberator x3  
  197  15:08  Behemoth Reactor  
  197  15:16  Viking  
  196  16:00  Starport Tech Lab x2  
  196  16:01  Building Armor  
  196  16:07  Command Center  
  193  16:15  Refinery  
  193  16:16  Refinery  
  193  16:32  Planetary Fortress  
  190  17:07  Terran Vehicle And Ship Armor Level 3, Terran Vehicle Weapons Level 1  
  190  17:23  Viking  
  190  17:24  Viking x3  
  190  17:25  Viking  
  191  17:38  Ghost  
  187  17:53  Viking x3  
  187  17:54  Viking  
  190  18:06  Liberator  
  190  18:07  Liberator  
  190  18:10  Viking x2  
  173  18:22  Viking x2  
  173  18:23  Viking x2, Liberator x2  
  184  18:34  Liberator  
  184  18:35  Liberator  
  165  18:51  Viking  
  129  19:06  Battlecruiser  
  119  19:21  Banshee  
  121  19:35  Ghost  
  121  19:37  Banshee x2  
  129  19:40  Liberator  
  129  19:41  Orbital Command  
  129  19:44  SCV x2  
  129  19:45  SCV x3  
  131  19:54  Missile Turret  
  131  19:56  Viking x2, Missile Turret  
  131  19:58  Missile Turret  
  138  20:05  Battlecruiser  
  144  20:09  Terran Vehicle Weapons Level 2  
  144  20:11  Ghost  
  144  20:13  Weapon Refit  
  146  20:25  Banshee  
  149  20:40  Battlecruiser x2  
  158  20:50  Viking x2  
  158  20:54  Ghost  
  161  21:08  Battlecruiser  
  164  21:15  Battlecruiser  
  170  21:23  Ghost  
  172  21:44  Battlecruiser  
  178  21:53  Liberator  
  178  21:54  Liberator  
  172  21:55  Ghost  
  172  21:59  Battlecruiser  
  180  22:07  Command Center  
  180  22:12  Battlecruiser  
  192  22:19  Hellion x2  
  196  22:23  Ghost  
  198  22:56  Missile Turret x2  
  198  22:57  Missile Turret  
  198  22:58  Missile Turret  
  195  23:17  Liberator  
  180  23:21  Liberator  
  175  23:32  Battlecruiser  
  175  23:33  Battlecruiser x2  
  166  23:45  Hellion x2  
  166  23:48  SCV x2  
  172  23:49  SCV  
  172  23:50  SCV  
  172  23:52  SCV x2  
  172  23:54  Banshee  
  179  24:06  SCV, Liberator x2  
  179  24:07  SCV x4  
  186  24:41  SCV  
  187  24:54  SCV, Banshee x3  
  187  24:55  Hellion  
  199  25:00  Command Center  
  199  25:06  SCV  
  197  25:18  SCV  
  198  25:30  SCV  
Show
View Real Time Build Order
Export as new Build Order

Bulk Protoss 

Build Orders: 1 Gate Expand 

Get SALT Encoding   

  12  0:01  Probe (Chrono Boost)  
  13  0:12  Probe (Chrono Boost)  
  14  0:18  Pylon  
  14  0:23  Probe (Chrono Boost)  
  15  0:36  Probe (Chrono Boost)  
  15  0:37  Gateway  
  16  0:43  Assimilator  
  16  0:46  Probe (Chrono Boost)  
  18  0:57  Probe (Chrono Boost)  
  18  1:07  Probe (Chrono Boost)  
  19  1:18  Probe (Chrono Boost)  
  20  1:22  Nexus  
  20  1:32  Cybernetics Core  
  20  1:35  Probe (Chrono Boost)  
  21  1:41  Assimilator  
  21  1:46  Probe (Chrono Boost)  
  22  1:51  Pylon  
  22  1:56  Probe (Chrono Boost)  
  23  2:02  Warp Gate (Chrono Boost)  
  23  2:09  Probe  
  23  2:10  Adept (Chrono Boost)  
  26  2:18  Twilight Council  
  26  2:23  Probe  
  27  2:33  Probe  
  27  2:35  Probe  
  29  2:43  Probe  
  29  2:48  Mothership Core  
  29  2:49  Gateway  
  32  2:55  Gateway  
  32  2:58  Probe  
  32  2:59  Resonating Glaives (Chrono Boost)  
  33  3:09  Probe  
  33  3:10  Probe  
  33  3:21  Probe  
  33  3:26  Probe, Pylon  
  35  3:31  Robotics Facility  
  35  3:33  Probe  
  36  3:38  Probe  
  37  3:45  Probe (Chrono Boost)  
  38  3:49  Assimilator  
  38  3:50  Assimilator  
  38  3:51  Probe (Chrono Boost)  
  39  3:57  Probe (Chrono Boost)  
  39  4:00  Adept  
  39  4:01  Adept x2  
  47  4:04  Probe (Chrono Boost), Pylon  
  47  4:08  Probe (Chrono Boost)  
  48  4:15  Probe (Chrono Boost)  
  48  4:16  Warp Prism (Chrono Boost)  
  51  4:25  Sentry x2  
  51  4:26  Probe x2  
  51  4:28  Pylon  
  51  4:31  Forge  
  57  4:38  Probe (Chrono Boost), Adept  
  57  4:40  Probe (Chrono Boost)  
  61  4:46  Observer  
  62  4:55  Nexus  
  62  4:56  Pylon  
  62  4:59  Pylon  
  62  5:03  Stalker, Protoss Ground Armor Level 1 (Chrono Boost)  
  64  5:08  Observer  
  64  5:09  Probe  
  64  5:10  Templar Archives  
  64  5:13  Probe  
  67  5:20  Forge  
  67  5:22  Stalker  
  67  5:27  Stalker  
  67  5:28  Probe  
  71  5:31  Probe  
  73  5:38  Probe  
  72  5:43  Probe  
  72  5:45  Warp Prism (Chrono Boost)  
  69  5:50  Probe  
  69  5:52  Stalker x2  
  74  6:03  Probe  
  75  6:06  Psionic Storm  
  75  6:10  Stalker  
  75  6:11  Probe  
  75  6:12  Probe  
  75  6:15  Probe  
  75  6:17  Protoss Ground Weapons Level 1 (Chrono Boost)  
  78  6:22  Immortal (Chrono Boost)  
  78  6:23  Probe  
  78  6:24  Probe  
  84  6:30  Gateway  
  84  6:32  Probe  
  85  6:33  Gateway  
  85  6:36  Probe  
  86  6:45  Adept x3  
  92  6:49  Blink  
  92  6:51  Protoss Ground Armor Level 2 (Chrono Boost), Pylon  
  92  6:54  Probe x2  
  92  7:00  Probe  
  95  7:03  Immortal (Chrono Boost)  
  95  7:07  Probe  
  100  7:18  Probe  
  101  7:25  Stalker x2  
  101  7:27  Assimilator  
  99  7:32  Gateway, Assimilator  
  99  7:34  Gateway, High Templar  
  99  7:35  High Templar  
  99  7:36  Gateway  
  103  7:39  Pylon  
  103  7:42  Immortal  
  107  7:54  Pylon  
  107  7:57  Pylon  
  107  7:58  Adept x3  
  113  8:10  Protoss Ground Weapons Level 2 (Chrono Boost)  
  113  8:11  Stalker x2  
  117  8:23  Adept x3  
  121  8:37  Stalker  
  121  8:38  Stalker x4  
  121  8:39  Warp Prism  
  133  8:46  Pylon, Protoss Ground Armor Level 3 (Chrono Boost)  
  133  8:55  Pylon x2  
  133  8:57  Nexus  
  133  8:59  Pylon  
  133  9:00  Pylon  
  133  9:05  High Templar x2  
  133  9:08  Stalker x2  
  141  9:14  Pylon  
  141  9:16  Pylon  
  141  9:17  Zealot x4  
  148  9:32  High Templar x2  
  152  9:39  Pylon  
  152  9:41  Adept x2, Photon Cannon  
  152  9:42  Adept x4  
  152  9:43  Photon Cannon  
  164  9:45  Photon Cannon  
  164  9:52  Charge (Chrono Boost)  
  162  10:10  Stalker x4  
  162  10:11  Stalker x2  
  172  10:15  Robotics Bay  
  172  10:16  Probe  
  172  10:17  Probe x3  
  172  10:20  Assimilator  
  176  10:24  Assimilator  
  176  10:32  Adept  
  176  10:33  Adept  
  176  10:34  Protoss Ground Weapons Level 3, Adept x2  
  176  10:35  Adept x3  
  190  10:42  Robotics Facility  
  180  11:23  Zealot x2  
  180  11:24  Protoss Shields Level 1, Zealot x5  
  194  11:30  Disruptor  
  194  11:31  Gateway, Disruptor  
  200  11:46  Nexus  
  200  11:54  Pylon  
  200  11:56  Pylon  
  200  12:01  Stargate  
  200  12:02  Stargate  
  200  12:04  Stargate  
  200  12:16  Pylon x2  
  200  12:26  Protoss Air Weapons Level 1 (Chrono Boost)  
  200  12:30  Nexus  
  200  12:38  Pylon  
  200  12:41  Stargate  
  200  12:42  Pylon  
  190  12:53  Probe x2  
  187  13:17  Probe x3  
  185  13:34  Void Ray (Chrono Boost), Assimilator  
  185  13:35  Void Ray (Chrono Boost)  
  185  13:37  Void Ray (Chrono Boost)  
  185  13:38  Assimilator  
  197  13:47  Protoss Shields Level 2  
  197  13:58  Pylon  
  197  14:06  Protoss Air Armor Level 1  
  197  14:08  Pylon  
  189  14:44  Void Ray (Chrono Boost)  
  189  14:45  Void Ray x2 (Chrono Boost)  
  175  14:47  Fleet Beacon  
  175  14:50  Photon Cannon  
  175  14:51  Photon Cannon  
  175  14:55  Photon Cannon  
  175  14:56  Photon Cannon  
  175  14:57  Photon Cannon  
  171  15:05  Observer  
  171  15:06  Observer  
  162  15:19  Pylon  
  159  15:21  Void Ray (Chrono Boost)  
  159  15:23  Photon Cannon  
  159  15:25  Photon Cannon  
  159  15:27  Photon Cannon  
  154  15:29  Photon Cannon  
  147  15:39  Probe x2  
  147  15:40  Photon Cannon  
  144  15:46  Probe, Photon Cannon  
  143  15:59  Tempest x3 (Chrono Boost)  
  143  16:02  High Templar x2  
  143  16:03  Assimilator  
  159  16:06  Probe x2  
  159  16:07  Probe x2  
  159  16:09  Assimilator  
  163  16:12  Photon Cannon  
  163  16:13  Probe x2  
  163  16:16  Photon Cannon  
  163  16:18  Pylon, Photon Cannon  
  165  16:20  Photon Cannon  
  163  16:30  Adept x7  
  176  16:36  Tempest (Chrono Boost)  
  177  16:50  Protoss Air Weapons Level 2  
  180  16:54  Tempest (Chrono Boost)  
  180  16:55  Tempest (Chrono Boost)  
  184  17:48  Probe x3  
  184  17:51  Protoss Shields Level 3  
  187  17:53  Tempest (Chrono Boost)  
  187  17:54  Tempest (Chrono Boost)  
  164  18:20  Tempest (Chrono Boost)  
  164  18:28  Templar Archives  
  163  18:36  Probe x3  
  92  19:04  Void Ray x3 (Chrono Boost)  
  98  19:16  Probe x4  
  100  19:33  Probe  
  100  19:34  Probe  
  100  19:35  High Templar x2  
  100  19:36  High Templar x2  
  100  19:37  High Templar  
  100  19:38  High Templar  
  114  19:48  Probe x2  
  114  19:51  Protoss Air Weapons Level 3  
  114  19:52  Tempest (Chrono Boost)  
  120  19:55  Archon x2  
  120  19:56  Archon  
  120  20:03  High Templar  
  120  20:06  Stalker x2  
  126  20:12  Probe  
  126  20:13  Probe x4  
  131  20:25  High Templar x4  
  131  20:26  High Templar x2  
  143  20:29  Archon  
  143  20:30  Archon  
  143  20:31  Archon  
  141  20:48  Probe x2  
  141  20:49  Probe  
  143  20:50  Probe  
  142  21:08  High Templar x4  
  148  21:12  Archon  
  148  21:13  Archon  
  148  21:15  Stalker x2  
  148  21:16  Stalker x3  
  148  21:17  Probe x3  
  161  21:35  Void Ray x2 (Chrono Boost)  
  169  21:49  Tempest (Chrono Boost)  
  169  22:00  Stalker x4  
  170  22:04  Probe  
  171  22:15  Probe  
  171  22:16  Probe  
  177  22:22  Tempest (Chrono Boost)  
  177  22:34  Probe  
  175  22:47  High Templar x4  
  175  22:51  Nexus, Archon x2  
  146  23:20  Stalker  
  146  23:21  Stalker x6  
  114  23:39  Archon  
  72  23:43  Stalker x2  
  72  23:46  Tempest x2 (Chrono Boost)  
  78  23:57  Tempest (Chrono Boost)  
  78  23:59  High Templar x2  
  86  24:23  Tempest (Chrono Boost)  
  90  24:30  Tempest (Chrono Boost)  
  94  24:37  High Templar  
  94  24:38  High Templar  
  98  24:44  Stalker x3  
  104  24:57  Probe  
  104  24:59  Probe, Assimilator  
  107  25:00  Probe x2  
  106  25:08  Probe  
  105  25:15  Probe x2  
  105  25:16  Probe x2  
  105  25:18  Stalker x2  
  113  25:22  Tempest (Chrono Boost)  
  117  25:49  Archon x2  
Tags
 
Add a new tag
Caveats
  • Supply blocks, unpowered buildings, or Contaminate may cause inaccurate times.
  • Supply counts are checked every 10 seconds.